 Dungeon Crawl Stone Soup version 0.22-a0-185-ge330310 (webtiles) character file.

361 vishdafish the Slasher (level 6, -4/47 HPs)
             Began as a Demonspawn Fighter on Feb 15, 2018.
             Slain by an ogre
             ... wielding a +0 giant club
              (19 damage)
             ... on level 4 of the Dungeon.
             The game lasted 00:04:16 (3156 turns).

vishdafish the Slasher (Demonspawn Fighter)         Turns: 3156, Time: 00:04:17

Health: -4/47      AC: 10    Str: 16    XL:     6   Next: 38%
Magic:  6/6        EV:  7    Int: 12    God:
Gold:   282        SH:  9    Dex: 12    Spells: 5/5 levels left

rFire    x . .     SeeInvis .   a - +0 long sword
rCold    + . .     Gourm    .   c - +0 shield
rNeg     . . .     Faith    .   b - +0 scale mail
rPois    .         Spirit   .   (no helmet)
rElec    .         Reflect  .   n - +0 cloak
rCorr    .         Harm     .   t - +1 pair of gloves
MR       .....                  (no boots)
Stlth    ..........             (no amulet)
HPRegen  0.15/turn              v - ring of ice
MPRegen  0.10/turn              (no ring)

@: no status effects
A: claws 1, powered by death 1
a: no special abilities


You were on level 4 of the Dungeon.
You were very hungry.

You visited 1 branch of the dungeon, and saw 4 of its levels.

You collected 282 gold pieces.

Inventory:

Hand Weapons
 a - a +0 long sword (weapon)
Armour
 b - a +0 scale mail (worn)
 c - a +0 shield (worn)
 n - a +0 cloak (worn)
 t - a +1 pair of gloves (worn)
Jewellery
 v - a ring of ice (left hand)
Scrolls
 g - 4 scrolls of identify {unknown}
 h - 2 scrolls of magic mapping {unknown}
 i - 2 scrolls of remove curse {unknown}
 j - a scroll of immolation {unknown}
 l - a scroll of fear {unknown}
 m - 2 scrolls of enchant weapon {unknown}
 o - 3 scrolls of fog {unknown}
 p - 3 scrolls of teleportation {unknown}
 s - a scroll of blinking {unknown}
Potions
 d - a potion of heal wounds {unknown}
 e - a potion of brilliance {unknown}
 k - a potion of resistance {unknown}
 q - a potion of ambrosia {unknown}
 r - 2 potions of flight {unknown}
 x - a potion of berserk rage {unknown}
Books
 u - a book of Misfortune

   Spells                             Type                      Level
   a - Confusing Touch                Hexes                        1
   b - Confuse                        Hexes                        3
   c - Gell's Gravitas                Translocation                3
   d - Petrify                        Transmutation/Earth          4
   e - Metabolic Englaciation         Hexes/Ice                    5
   f - Yara's Violent Unravelling     Hexes/Transmutation          5
Comestibles
 f - a ration


   Skills:
 + Level 3.6 Fighting
 * Level 4.4 Long Blades
 + Level 3.5 Armour
 + Level 1.2 Dodging
 + Level 0.2 Stealth
 + Level 3.7 Shields


You had 5 spell levels left.
You didn't know any spells.

Dungeon Overview and Level Annotations

Branches:
Dungeon (4/15)
 Temple: D:4-7

Altars:
Ru


Innate Abilities, Weirdness & Mutations

You have sharp fingernails.
You regenerate a little health from kills.


Message History

The ogre struggles against the net.
You hit the ogre.
The ogre is moderately wounded.
The ogre struggles against the net.
You catch the helpless ogre completely off-guard!
You hit the ogre.
The ogre is heavily wounded.
The ogre struggles against the net.
You catch the helpless ogre completely off-guard!
You hit the ogre.
The ogre is heavily wounded.
The ogre struggles against the net.
The net rips apart, and the ogre comes free!
You closely miss the ogre.
The ogre is moderately wounded.
The ogre hits you with a giant club!
You hit the ogre.
The ogre is heavily wounded.
The ogre hits you with a giant club!!
You die...

# ..## .....
#############
.....#
#..O@.......#
.)....#
#.#########.#
.......######.#
#.#
..............#
#.#
.......########
#.# #.#...# #.#
#).. #.# ....
#.# ...?. #.#


You could see an ogre.

Vanquished Creatures
  An ice beast (D:3)
  A crimson imp (D:3)
  A hound (D:4)
  Jessica (D:2)
  Natasha (twice) (D:2)
  5 adders
  An adder skeleton (D:4)
  2 worms
  A dart slug (D:1)
  5 leopard geckos
  4 orcs
  4 giant cockroaches
  7 goblins
  7 hobgoblins
  2 jackals (D:2)
  9 bats
  6 frilled lizards
  7 kobolds
  7 rats
73 creatures vanquished.

Notes
Turn   | Place    | Note
-------+----------+-------------------------------------------
     0 | D:1      | vishdafish the Demonspawn Fighter began the quest for the Orb.
     0 | D:1      | Reached XP level 1. HP: 18/18 MP: 1/1
    73 | D:1      | Gained mutation: You regenerate a little health from kills. [demonic ancestry]
    73 | D:1      | Reached XP level 2. HP: 17/24 MP: 2/2
   133 | D:1      | Reached skill level 2 in Long Blades
   367 | D:1      | Reached XP level 3. HP: 24/29 MP: 3/3
   893 | D:2      | Noticed Jessica
   901 | D:2      | Killed Jessica
   921 | D:2      | Gained mutation: You have sharp fingernails. [demonic ancestry]
   921 | D:2      | Reached XP level 4. HP: 32/35 MP: 4/4
  1049 | D:2      | Reached skill level 3 in Long Blades
  1055 | D:2      | Noticed Natasha
  1069 | D:2      | Killed Natasha
  1375 | D:2      | Noticed Natasha
  1385 | D:2      | Killed Natasha
  1617 | D:3      | Noticed an ice beast
  1623 | D:3      | Killed an ice beast
  1623 | D:3      | Reached skill level 1 in Dodging
  1623 | D:3      | Reached XP level 5. HP: 41/41 MP: 5/5
  1993 | D:3      | Reached skill level 4 in Long Blades
  1993 | D:3      | Reached XP level 6. HP: 47/47 MP: 6/6
  2123 | D:3      | Found a sacrificial altar of Ru.
  3156 | D:4      | Slain by an ogre

Vault maps used:
D:1:      mrwooster_arrival_statue
D:2:      uniq_natasha, uniq_jessica
D:3:      nicolae_ru_the_path_less_chosen

Skill      XL: |  1  2  3  4  5 |
---------------+----------------+-----
Shields        | 3 |  3.7
Long Blades    | 2 3 4 |  4.4
Armour         | 3 |  3.5
Dodging        | 1 |  1.2
Fighting       | |  3.6
Stealth        | |  0.2

Action                   |  1- 3 |  4- 6 || total
-------------------------+-------+-------++-------
Melee: Long sword        |   102 |   220 ||   322
Throw: Throwing net      |       |     1 ||     1
  Use: Potion            |       |     2 ||     2
 Stab: Held in net/web   |       |     2 ||     2
  Eat: Ration            |       |     2 ||     2
Armor: Scale mail        |    58 |   132 ||   190
Dodge: Dodged            |    43 |    93 ||   136
Block: Shield            |    54 |   125 ||   179
       Rpst.: Long sword |    12 |    29 ||    41

Table legend:
 A = Spawn XP
 B = Non-spawn XP
 C = Spawn XP percentage of total XP
 D = Spawn monster count
 E = Non-spawn monster count
 F = Spawn count percentage of total count
 G = Total turns spent on level
                    A         B        C        D         E        F      G
               +---------+---------+-------+---------+---------+-------+---------
         Total |       0 |     516 |   0.0 |       0 |      73 |   0.0 |  3156
               +---------+---------+-------+---------+---------+-------+---------
           D:1 |       0 |      52 |   0.0 |       0 |      29 |   0.0 |   717
           D:2 |       0 |     142 |   0.0 |       0 |      15 |   0.0 |   900
           D:3 |       0 |     250 |   0.0 |       0 |      22 |   0.0 |  1078
           D:4 |       0 |      72 |   0.0 |       0 |       7 |   0.0 |   461
               +---------+---------+-------+---------+---------+-------+---------
